AoeStats
← Totis

Enclosed

504765325Analyzed
1v1 RM · 25d ago on Sep 6, 2026· 44m 14s· 2 players
Game mode
Random Map
Map size
Tiny (2 player)
Population
200
Speed
Normal
Resources
Standard
Victory
Conquest
Starting age
Dark Age
Ending age
Imperial Age
RankedLock teamsTeams togetherTeam positionsShared explorationLock speedFull tech treeHidden civsTurbo modeCheats
Victory
Defeat
🇺🇾 Saracens · Uruguay
1397
+14
🇬🇷 Britons · Greece
1361
-14
The Cacun
0:51 Loom
9:40 Feudal Age
10:38 Double-Bit Axe
10:50 Horse Collar
18:06 Castle Age
17:06 Fletching
19:31 Bow Saw
19:53 Bloodlines
20:10 Scale Barding Armor
20:36 Elite Skirmisher
23:55 Town Watch
25:29 Padded Archer Armor
26:54 Leather Archer Armor
27:45 Bodkin Arrow
31:39 Wheelbarrow
31:27 Gold Mining
34:57 Ballistics
37:46 Imperial Age
36:55 Hand Cart
36:57 Masonry
37:14 Chain Barding Armor
39:34 Chemistry
40:49 Light Cavalry
42:09 Hussar
43:10 Stone Mining
Totis
11:42 Feudal Age
10:13 Loom
12:58 Feudal Age
16:00 Wheelbarrow
15:27 Double-Bit Axe
19:57 Castle Age
18:02 Horse Collar
19:32 Fletching
20:55 Bow Saw
24:17 Ballistics
24:14 Bodkin Arrow
24:43 Town Watch
25:49 Padded Archer Armor
26:15 Gold Mining
26:31 Guard Tower
28:08 Heavy Plow
28:49 Leather Archer Armor
30:34 Scale Barding Armor
30:40 Forging
32:17 Gold Shaft Mining
31:33 Stone Mining
35:16 Imperial Age
34:27 Yeomen
34:36 Hand Cart
37:15 Chemistry
36:37 Conscription
39:03 Bracer
40:05 Two-Man Saw
39:48 Masonry
39:30 Treadmill Crane
40:44 Keep
44:34 Scale Mail Armor
45:11 Iron Casting
45:17 Hoardings
Connection lost

Rejoining the realm…

Still unreachable

The connection could not be restored.

Session expired

The server has moved on; the page needs a fresh start.